 Dungeon Crawl Stone Soup version 0.21.1-1-g345015f (webtiles) character file.

129 diana the Ducker (level 4, -5/35 HPs)
             Began as a Demonspawn Gladiator on June 5, 2018.
             Slain by a river rat (9 damage)
             ... in a sewer.
             The game lasted 00:03:53 (1961 turns).

diana the Ducker (Demonspawn Gladiator)             Turns: 1961, Time: 00:03:54

Health: -5/35      AC:  4    Str: 14    XL:     4   Next: 88%
Magic:  4/4        EV: 13    Int: 10    God:
Gold:   108        SH:  0    Dex: 17    Spells: 3/3 levels left

rFire    . . .     SeeInvis .   a - +0 long sword
rCold    . . .     Gourm    .   (no shield)
rNeg     . . .     Faith    .   b - +0 leather armour
rPois    .         Spirit   .   c - +0 helmet
rElec    .         Reflect  .   (no cloak)
rCorr    .         Harm     .   (no gloves)
MR       .....                  (no boots)
Stlth    ++........             (no amulet)
HPRegen  0.11/turn              (no ring)
MPRegen  0.09/turn              (no ring)

@: no status effects
A: thin skeletal structure 1
a: no special abilities


You were in a sewer.
You were not hungry.

You visited 1 branch of the dungeon, and saw 4 of its levels.
You also visited: Sewer.

You collected 108 gold pieces.

Inventory:

Hand Weapons
 a - a +0 long sword (weapon)
Missiles
 d - 3 throwing nets (quivered)
Armour
 b - a +0 leather armour (worn)
 c - a +0 helmet (worn)
Scrolls
 i - 2 scrolls of teleportation
 j - 3 scrolls of identify {unknown}
 k - 2 scrolls of remove curse {unknown}
 n - a scroll of noise {unknown}
Potions
 g - a potion of invisibility
 h - a potion of curing {unknown}
 l - a potion of brilliance {unknown}
 m - a potion of haste
Comestibles
 f - 3 rations


   Skills:
 + Level 3.3 Fighting
 + Level 3.6 Long Blades
 - Level 1.7 Throwing
 + Level 3.7 Dodging


You had 3 spell levels left.
You didn't know any spells.

Dungeon Overview and Level Annotations

Branches:
Dungeon (4/15)             Temple (0/1) D:4

Altars:

Annotations:
D:2 Sigmund


Innate Abilities, Weirdness & Mutations

You have a somewhat thin skeletal structure. (Dex +2, Stealth)


Message History

You are too injured to fight recklessly!
You hit the river rat.
The river rat is heavily wounded.
The rat closely misses you.
The river rat bites you but does no damage.
You closely miss the river rat.
The river rat is heavily wounded.
The rat bites you. The river rat bites you.
* * * LOW HITPOINT WARNING * * *
You hit the river rat but do no damage.
The river rat is heavily wounded.
The rat closely misses you. The river rat closely misses you.
You riposte.
You hit the river rat but do no damage.
The river rat is heavily wounded.
You hit the river rat.
The river rat is almost dead.
The rat bites you but does no damage. The river rat bites you.
* * * LOW HITPOINT WARNING * * *
The rat barely misses you. The river rat bites you!
You die...

### #..
####.#
#.#.#@r#
#..r##.#
#.###†###
#######≈##
≈..≈...≈∩#
≈≈≈...≈.∩#
##########


You could see a river rat and a rat.

Vanquished Creatures
  5 adders
  A river rat (Sewer)
  An ooze (D:1)
  2 worms (D:4)
  2 leopard geckos
  4 orcs
  4 ball pythons
  4 giant cockroaches
  6 goblins
  6 hobgoblins
  3 jackals (D:1)
  6 kobolds
  A quokka (D:2)
  4 bats
  2 frilled lizards
  7 rats
58 creatures vanquished.

Vanquished Creatures (others)
  A kobold (D:3)
1 creature vanquished.

Grand Total: 59 creatures vanquished

Notes
Turn   | Place    | Note
-------+----------+-------------------------------------------
     0 | D:1      | diana the Demonspawn Gladiator began the quest for the Orb.
     0 | D:1      | Reached XP level 1. HP: 16/16 MP: 1/1
    82 | D:1      | Gained mutation: You have a somewhat thin skeletal structure. (Dex +2, Stealth) [demonic ancestry]
    82 | D:1      | Reached XP level 2. HP: 10/22 MP: 2/2
   608 | D:2      | Reached XP level 3. HP: 28/28 MP: 3/3
  1151 | D:2      | Reached XP level 4. HP: 32/34 MP: 4/4
  1166 | D:2      | Noticed Sigmund
  1905 | D:4      | Found a glowing drain.
  1938 | Sewer    | Entered a sewer
  1961 | Sewer    | Slain by a river rat

Skill      XL: |  1  2  3  4 |
---------------+-------------+-----
Dodging        | 3 |  3.7
Long Blades    | 3 |  3.6
Fighting       | 3 |  3.3
Throwing       | |  1.7

Action                   |  1- 3 |  4- 6 || total
-------------------------+-------+-------++-------
Melee: Long sword        |    93 |    81 ||   174
  Use: Scroll            |       |     2 ||     2
       Potion            |       |     1 ||     1
 Stab: Sleeping          |     2 |     3 ||     5
  Eat: Ration            |       |     1 ||     1
Armor: Leather armour    |    43 |    25 ||    68
Dodge: Dodged            |    89 |    72 ||   161
       Rpst.: Long sword |    28 |    23 ||    51
